| TOP OF THE 1ST |
|
San Diego (APP) Padres batting - Pitching for Miami (APP) Marlins : RHP Adam Brown
|
|
Pitching: RHP Adam Brown
|
|
|
Batting: SHB Yutaro Takahashi
|
0-0: Fly out, F4 (Line Drive, 4, EV 64.4 MPH)
|
|
Batting: RHB Freddie Brown
|
0-0: Foul Ball, location: 2F 0-1: Ball 1-1: Ground out 4-3 (Groundball, 4, EV 75.6 MPH)
|
|
Batting: RHB Antonio Lara
|
0-0: Ball 1-0: Ball 2-0: Ball 3-0: Base on Balls
|
|
Batting: LHB Carlos Cuellar
|
0-0: Ball 1-0: Called Strike 1-1: Ground out 4-3 (Groundball, 4, EV 105.0 MPH)
|
| Top of the 1st over - 0 runs, 0 hits, 0 errors, 1 left on base; San Diego (APP) 0 - Miami (APP) 0 |
| BOTTOM OF THE 1ST |
|
Miami (APP) Marlins batting - Pitching for San Diego (APP) Padres : RHP Roger Watkins
|
|
Pitching: RHP Roger Watkins
|
|
|
Batting: RHB Adrian Bocker
|
0-0: Ground out U3 (Groundball, 23, EV 90.6 MPH)
|
|
Batting: RHB Jason Thrash
|
0-0: Swinging Strike 0-1: Ball 1-1: Ball 2-1: Swinging Strike 2-2: Ball 3-2: Strikes out swinging
|
|
Batting: RHB Mario Cota
|
0-0: Called Strike 0-1: Foul Ball, location: 2F 0-2: Strikes out looking
|
| Bottom of the 1st over - 0 runs, 0 hits, 0 errors, 0 left on base; San Diego (APP) 0 - Miami (APP) 0 |
| TOP OF THE 2ND |
|
San Diego (APP) Padres batting - Pitching for Miami (APP) Marlins : RHP Adam Brown
|
|
Batting: LHB Hugo MacBeth
|
0-0: Ball 1-0: Ball 2-0: Foul Ball, location: 2F 2-1: Ball 3-1: Base on Balls
|
|
Batting: RHB Aaron Joseph
|
0-0: Called Strike 0-1: Fly out, F8 (Flyball, 8LM, EV 91.9 MPH)
|
|
Pitching: RHP Matt Alexander
|
|
|
Batting: LHB Rogelio Nunez
|
0-0: Called Strike 0-1: Called Strike 0-2: Ball 1-2: Strikes out looking
|
|
Batting: RHB Max Stillo
|
0-0: Ball 1-0: Ball 2-0: Foul Ball, location: 2F 2-1: Ball 3-1: Foul Ball, location: 2F 3-2: Foul Ball, location: 2F 3-2: Strikes out swinging
|
| Top of the 2nd over - 0 runs, 0 hits, 0 errors, 1 left on base; San Diego (APP) 0 - Miami (APP) 0 |
| BOTTOM OF THE 2ND |
|
Miami (APP) Marlins batting - Pitching for San Diego (APP) Padres : RHP Roger Watkins
|
|
Batting: SHB Matt Moore
|
0-0: Called Strike 0-1: Foul Ball, location: 2F 0-2: Ball 1-2: Ball 2-2: Foul Ball, location: 2F 2-2: Strikes out swinging
|
|
Batting: RHB Keith Bennett
|
0-0: Called Strike 0-1: DOUBLE (Line Drive, 89D, EV 113.1 MPH)
|
|
Batting: RHB Rick Knoblauch
|
0-0: Ball 1-0: Ball 2-0: Swinging Strike 2-1: Foul Ball, location: 2F 2-2: Foul Ball, location: 2F 2-2: Strikes out looking
|
|
Batting: LHB Gavrilo Brkic
|
0-0: Ball 1-0: Foul Ball, location: 2F 1-1: Ground out 1-3 (Groundball, 13S, EV 68.1 MPH)
|
| Bottom of the 2nd over - 0 runs, 1 hit, 0 errors, 1 left on base; San Diego (APP) 0 - Miami (APP) 0 |
| TOP OF THE 3RD |
|
San Diego (APP) Padres batting - Pitching for Miami (APP) Marlins : RHP Matt Alexander
|
|
Batting: RHB Brent Little
|
0-0: Ball 1-0: Swinging Strike 1-1: Ball 2-1: Called Strike 2-2: Ball 3-2: SINGLE (Groundball, 56D, EV 104.4 MPH)
|
|
Batting: SHB Yutaro Takahashi
|
0-0: Ball 1-0: Ball 2-0: DOUBLE (Groundball, 3L, EV 106.3 MPH) Brent Little to third
|
|
Pitching: LHP Tyler Murders
|
|
|
Batting: RHB Freddie Brown
|
0-0: Foul Ball, location: 2F 0-1: Foul Ball, location: 2F 0-2: SINGLE (Groundball, 6MD, EV 98.8 MPH) Brent Little scores Yutaro Takahashi to third Runner from 3rd tries for Home, SAFE, throw by CF to home
|
|
Batting: RHB Antonio Lara
|
0-0: Called Strike 0-1: Ball 1-1: Swinging Strike 1-2: Foul Ball, location: 2F 1-2: Foul Ball, location: 2F 1-2: 2-RUN HOME RUN (Flyball, 7D, EV 98.8 MPH), Distance : 387 ft
|
|
Batting: LHB Carlos Cuellar
|
0-0: Called Strike 0-1: SINGLE (Groundball, 4D, EV 95.0 MPH)
|
|
Batting: LHB Hugo MacBeth
|
0-0: Ball 1-0: Ball 2-0: Ball 3-0: Base on Balls Carlos Cuellar to second
|
|
Batting: RHB Aaron Joseph
|
0-0: Called Strike 0-1: Ball 1-1: Swinging Strike 1-2: Strikes out swinging
|
|
Batting: LHB Rogelio Nunez
|
0-0: Called Strike 0-1: Reached on error, E4 (Groundball, 4, EV 103.8 MPH) Carlos Cuellar to third Hugo MacBeth to second
|
|
Batting: RHB Max Stillo
|
0-0: Ball 1-0: Ball 2-0: Ball 3-0: Base on Balls Carlos Cuellar scores Hugo MacBeth to third Rogelio Nunez to second
|
|
Batting: RHB Brent Little
|
0-0: Ball 1-0: Ball 2-0: Called Strike 2-1: Foul Ball, location: 2F 2-2: GRAND SLAM HOME RUN (Flyball, 9D, EV 95.0 MPH), Distance : 372 ft
|
|
Batting: SHB Yutaro Takahashi
|
0-0: Called Strike 0-1: Fly out, F2 (Popup, 2LF, EV 84.4 MPH)
|
|
Batting: RHB Freddie Brown
|
0-0: Ball 1-0: DOUBLE (Groundball, 5L, EV 98.8 MPH)
|
|
Batting: RHB Antonio Lara
|
0-0: Ball 1-0: Called Strike 1-1: Ball 2-1: Ball 3-1: Base on Balls
|
|
Batting: LHB Carlos Cuellar
|
0-0: 3-RUN HOME RUN (Line Drive, 9LD, EV 96.3 MPH), Distance : 355 ft
|
|
Pitching: RHP Jeremy Akande
|
|
|
Batting: LHB Hugo MacBeth
|
0-0: Called Strike 0-1: Foul Ball, location: 2F 0-2: Ball 1-2: Foul Ball, location: 2F 1-2: Ground out 6-3 (Groundball, 6S, EV 80.0 MPH)
|
| Top of the 3rd over - 12 runs, 8 hits, 1 error, 0 left on base; San Diego (APP) 12 - Miami (APP) 0 |
| BOTTOM OF THE 3RD |
|
Miami (APP) Marlins batting - Pitching for San Diego (APP) Padres : RHP Roger Watkins
|
|
Batting: LHB Melvin Castro
|
0-0: Foul Ball, location: 2F 0-1: Ball 1-1: Swinging Strike 1-2: Ball 2-2: Strikes out swinging
|
|
Batting: LHB Bryan Wedge
|
0-0: Called Strike 0-1: Swinging Strike 0-2: Ball 1-2: Ball 2-2: Strikes out looking
|
|
Batting: RHB Adrian Bocker
|
0-0: Foul Ball, location: 2F 0-1: Ball 1-1: Foul Ball, location: 2F 1-2: Strikes out swinging
|
| Bottom of the 3rd over - 0 runs, 0 hits, 0 errors, 0 left on base; San Diego (APP) 12 - Miami (APP) 0 |
| TOP OF THE 4TH |
|
San Diego (APP) Padres batting - Pitching for Miami (APP) Marlins : RHP Jeremy Akande
|
|
Batting: RHB Aaron Joseph
|
0-0: Called Strike 0-1: Ball 1-1: Called Strike 1-2: SINGLE (Flyball, 6MD, EV 93.1 MPH)
|
|
Batting: LHB Rogelio Nunez
|
0-0: SINGLE (Line Drive, 56D, EV 98.8 MPH) Aaron Joseph to second
|
|
Batting: RHB Max Stillo
|
0-0: Ball 1-0: Ball 2-0: Foul Ball, location: 2F 2-1: Ball 3-1: Base on Balls Aaron Joseph to third Rogelio Nunez to second
|
|
Batting: RHB Brent Little
|
0-0: Ball 1-0: Ball 2-0: Called Strike 2-1: Swinging Strike 2-2: Strikes out swinging
|
|
Pitching: LHP Mike Wasson
|
|
|
Batting: SHB Yutaro Takahashi
|
0-0: Ball 1-0: Ball 2-0: Ball 3-0: Base on Balls Aaron Joseph scores Rogelio Nunez to third Max Stillo to second
|
|
Batting: RHB Freddie Brown
|
0-0: DOUBLE (Line Drive, 78D, EV 106.9 MPH) Rogelio Nunez scores Max Stillo scores Yutaro Takahashi to third
|
|
Batting: RHB Antonio Lara
|
0-0: Swinging Strike 0-1: Ball 1-1: Ball 2-1: 3-RUN HOME RUN (Flyball, 7D, EV 98.8 MPH), Distance : 376 ft
|
|
Batting: LHB Carlos Cuellar
|
0-0: Ball 1-0: Foul Ball, location: 2F 1-1: Ball 2-1: Ball 3-1: Swinging Strike 3-2: Strikes out swinging
|
|
Batting: LHB Hugo MacBeth
|
0-0: Called Strike 0-1: Foul Ball, location: 2F 0-2: Foul Ball, location: 2F 0-2: Ground out 3-1 (Groundball, 34, EV 88.8 MPH)
|
| Top of the 4th over - 6 runs, 4 hits, 0 errors, 0 left on base; San Diego (APP) 18 - Miami (APP) 0 |
| BOTTOM OF THE 4TH |
|
Miami (APP) Marlins batting - Pitching for San Diego (APP) Padres : RHP Roger Watkins
|
|
Batting: RHB Jason Thrash
|
0-0: Swinging Strike 0-1: Foul Ball, location: 2F 0-2: Ball 1-2: Strikes out swinging
|
|
Batting: RHB Mario Cota
|
0-0: Called Strike 0-1: Foul Ball, location: 2F 0-2: Foul Ball, location: 2F 0-2: Foul Ball, location: 2F 0-2: Ball 1-2: SINGLE (Line Drive, 89S, EV 103.8 MPH)
|
|
Batting: SHB Matt Moore
|
0-0: Ball 1-0: Foul Ball, location: 2F 1-1: Ball 2-1: Foul Ball, location: 2F 2-2: Fielders Choice at 2nd, 4-6 (Groundball, 4, EV 101.9 MPH)
|
|
Batting: RHB Keith Bennett
|
0-0: Called Strike 0-1: Called Strike 0-2: Ball 1-2: Strikes out swinging
|
| Bottom of the 4th over - 0 runs, 1 hit, 0 errors, 1 left on base; San Diego (APP) 18 - Miami (APP) 0 |
| TOP OF THE 5TH |
|
San Diego (APP) Padres batting - Pitching for Miami (APP) Marlins : LHP Mike Wasson
|
|
Batting: RHB Aaron Joseph
|
0-0: Ball 1-0: Ground out 6-3 (Groundball, 6, EV 85.0 MPH)
|
|
Batting: LHB Rogelio Nunez
|
0-0: Ball 1-0: Ball 2-0: Swinging Strike 2-1: Foul Ball, location: 2F 2-2: Foul Ball, location: 2F 2-2: Foul Ball, location: 2F 2-2: Foul Ball, location: 2F 2-2: Foul Ball, location: 2F 2-2: Strikes out swinging
|
|
Batting: RHB Max Stillo
|
0-0: Foul Ball, location: 2F 0-1: Ball 1-1: DOUBLE (Flyball, 7LD, EV 113.1 MPH)
|
|
Batting: RHB Brent Little
|
0-0: Called Strike 0-1: Called Strike 0-2: Strikes out swinging
|
| Top of the 5th over - 0 runs, 1 hit, 0 errors, 1 left on base; San Diego (APP) 18 - Miami (APP) 0 |
| BOTTOM OF THE 5TH |
|
Miami (APP) Marlins batting - Pitching for San Diego (APP) Padres : RHP Roger Watkins
|
|
Batting: RHB Rick Knoblauch
|
0-0: Ground out 5-3 (Groundball, 56S, EV 83.1 MPH)
|
|
Batting: LHB Gavrilo Brkic
|
0-0: Called Strike 0-1: Foul Ball, location: 2F 0-2: Ground out 5-3 (Groundball, 56, EV 99.4 MPH)
|
|
Batting: LHB Melvin Castro
|
0-0: Ball 1-0: Foul Ball, location: 2F 1-1: Foul Ball, location: 2F 1-2: Ball 2-2: SINGLE (Groundball, 6M, EV 105.6 MPH)
|
|
Batting: LHB Bryan Wedge
|
0-0: Fielders Choice at 2nd, 5-4 (Groundball, 5, EV 88.1 MPH)
|
| Bottom of the 5th over - 0 runs, 1 hit, 0 errors, 1 left on base; San Diego (APP) 18 - Miami (APP) 0 |
| TOP OF THE 6TH |
|
San Diego (APP) Padres batting - Pitching for Miami (APP) Marlins : LHP Mike Wasson
|
|
Batting: SHB Yutaro Takahashi
|
0-0: Called Strike 0-1: Called Strike 0-2: Fly out, F4 (Popup, 4D, EV 52.5 MPH)
|
|
Batting: RHB Freddie Brown
|
0-0: Ball 1-0: Swinging Strike 1-1: Ball 2-1: Ball 3-1: Base on Balls
|
|
Batting: RHB Antonio Lara
|
0-0: Called Strike 0-1: Called Strike 0-2: Ball 1-2: Foul Ball, location: 2F 1-2: Grounds into double play, 5-4-3 (Groundball, 56, EV 81.3 MPH)
|
| Top of the 6th over - 0 runs, 0 hits, 0 errors, 0 left on base; San Diego (APP) 18 - Miami (APP) 0 |
| BOTTOM OF THE 6TH |
|
Miami (APP) Marlins batting - Pitching for San Diego (APP) Padres : RHP Roger Watkins
|
|
Batting: RHB Adrian Bocker
|
0-0: Called Strike 0-1: Foul Ball, location: 2F 0-2: Ball 1-2: Ball 2-2: SINGLE (Line Drive, 78S, EV 108.1 MPH)
|
|
Batting: RHB Jason Thrash
|
0-0: Swinging Strike 0-1: Ball 1-1: Swinging Strike 1-2: Strikes out looking
|
|
Batting: RHB Mario Cota
|
0-0: Ball 1-0: Ball 2-0: Foul Ball, location: 2F 2-1: Foul Ball, location: 2F 2-2: Strikes out swinging
|
|
Batting: SHB Matt Moore
|
0-0: Foul Ball, location: 2F 0-1: Fly out, F6 (Popup, 6M, EV 57.5 MPH)
|
| Bottom of the 6th over - 0 runs, 1 hit, 0 errors, 1 left on base; San Diego (APP) 18 - Miami (APP) 0 |
| TOP OF THE 7TH |
|
San Diego (APP) Padres batting - Pitching for Miami (APP) Marlins : LHP Mike Wasson
|
|
Batting: LHB Carlos Cuellar
|
0-0: Ball 1-0: Ball 2-0: Foul Ball, location: 2F 2-1: Foul Ball, location: 2F 2-2: Foul Ball, location: 2F 2-2: Ball 3-2: SINGLE (Flyball, 78S, EV 86.9 MPH)
|
|
Batting: LHB Hugo MacBeth
|
0-0: Ball 1-0: Ball 2-0: Fielders Choice at 2nd, 4-6 (Groundball, 4, EV 80.0 MPH)
|
|
Batting: RHB Aaron Joseph
|
0-0: Swinging Strike 0-1: Foul Ball, location: 2F 0-2: Ball 1-2: Foul Ball, location: 2F 1-2: Strikes out looking
|
|
Batting: LHB Rogelio Nunez
|
0-0: Foul Ball, location: 2F 0-1: Ball 1-1: Ball 2-1: Swinging Strike 2-2: Strikes out swinging
|
| Top of the 7th over - 0 runs, 1 hit, 0 errors, 1 left on base; San Diego (APP) 18 - Miami (APP) 0 |
| BOTTOM OF THE 7TH |
|
Miami (APP) Marlins batting - Pitching for San Diego (APP) Padres : RHP Roger Watkins
|
|
Batting: RHB Keith Bennett
|
0-0: Called Strike 0-1: Swinging Strike 0-2: Strikes out swinging
|
|
Batting: RHB Rick Knoblauch
|
0-0: Called Strike 0-1: Ball 1-1: Called Strike 1-2: Strikes out swinging
|
|
Batting: LHB Gavrilo Brkic
|
0-0: Ground out 6-3 (Groundball, 6, EV 96.3 MPH)
|
| Bottom of the 7th over - 0 runs, 0 hits, 0 errors, 0 left on base; San Diego (APP) 18 - Miami (APP) 0 |
| TOP OF THE 8TH |
|
San Diego (APP) Padres batting - Pitching for Miami (APP) Marlins : LHP Mike Wasson
|
|
Batting: RHB Max Stillo
|
0-0: Called Strike 0-1: Ball 1-1: Ball 2-1: Hit by Pitch
|
|
Batting: RHB Brent Little
|
0-0: Fly out, F9 (Line Drive, 9, EV 85.0 MPH)
|
|
Batting: SHB Yutaro Takahashi
|
0-0: Ball 1-0: Ball 2-0: SINGLE (Groundball, 56D, EV 105.6 MPH) Max Stillo to second
|
|
Batting: RHB Freddie Brown
|
0-0: Ball 1-0: Called Strike 1-1: Foul Ball, location: 2F 1-2: Ball 2-2: Ball 3-2: Fielders Choice at 2nd, 4-6 (Groundball, 4, EV 88.8 MPH) Max Stillo to third
|
|
Batting: RHB Antonio Lara
|
0-0: Called Strike 0-1: Ball 1-1: Ball 2-1: Ball 3-1: Base on Balls Freddie Brown to second
|
|
Batting: LHB Carlos Cuellar
|
0-0: Ball 1-0: Called Strike 1-1: Ball 2-1: Called Strike 2-2: Ball 3-2: Foul Ball, location: 2F 3-2: Base on Balls Max Stillo scores Freddie Brown to third Antonio Lara to second
|
|
Batting: LHB Hugo MacBeth
|
0-0: Ball 1-0: Swinging Strike 1-1: Ball 2-1: SINGLE (Groundball, 15S, EV 71.9 MPH) (infield hit) Freddie Brown scores Antonio Lara to third Carlos Cuellar to second
|
|
Batting: RHB Aaron Joseph
|
0-0: Swinging Strike 0-1: Foul Ball, location: 2F 0-2: Foul Ball, location: 2F 0-2: Fly out, F6 (Popup, P, EV 76.3 MPH)
|
| Top of the 8th over - 2 runs, 2 hits, 0 errors, 3 left on base; San Diego (APP) 20 - Miami (APP) 0 |
| BOTTOM OF THE 8TH |
|
Miami (APP) Marlins batting - Pitching for San Diego (APP) Padres : RHP Roger Watkins
|
|
Batting: LHB Melvin Castro
|
0-0: Ball 1-0: Ball 2-0: Fly out, F7 (Flyball, 7LM, EV 82.5 MPH)
|
|
Batting: LHB Bryan Wedge
|
0-0: Ball 1-0: Foul Ball, location: 2F 1-1: SINGLE (Flyball, 3D, EV 86.9 MPH)
|
|
Pitching: RHP Scott Gillis
|
|
|
Batting: RHB Adrian Bocker
|
0-0: Called Strike 0-1: Ball 1-1: Swinging Strike 1-2: Strikes out swinging
|
|
Batting: RHB Jason Thrash
|
0-0: Foul Ball, location: 2F 0-1: Fielders Choice at 2nd, U4 (Groundball, 4M, EV 85.0 MPH)
|
| Bottom of the 8th over - 0 runs, 1 hit, 0 errors, 1 left on base; San Diego (APP) 20 - Miami (APP) 0 |
| TOP OF THE 9TH |
|
San Diego (APP) Padres batting - Pitching for Miami (APP) Marlins : LHP Mike Wasson
|
|
Batting: LHB Rogelio Nunez
|
0-0: Ball 1-0: SOLO HOME RUN (Flyball, 9LD, EV 95.0 MPH), Distance : 348 ft
|
|
Pinch Hitting: LHB Ramon Padilla
|
0-0: Ball 1-0: Called Strike 1-1: Called Strike 1-2: Ball 2-2: Strikes out swinging
|
|
Batting: RHB Brent Little
|
0-0: Ball 1-0: Foul Ball, location: 2F 1-1: Fly out, F8 (Flyball, 78D, EV 96.3 MPH)
|
|
Batting: SHB Yutaro Takahashi
|
0-0: Ball 1-0: Swinging Strike 1-1: Fly out, F8 (Flyball, 8LM, EV 73.1 MPH)
|
| Top of the 9th over - 1 run, 1 hit, 0 errors, 0 left on base; San Diego (APP) 21 - Miami (APP) 0 |
| BOTTOM OF THE 9TH |
|
Miami (APP) Marlins batting - Pitching for San Diego (APP) Padres : RHP Scott Gillis
|
|
Now at 3B: Ramon Padilla
|
|
|
Batting: RHB Mario Cota
|
0-0: Ground out 4-3 (Groundball, 4S, EV 72.5 MPH)
|
|
Batting: SHB Matt Moore
|
0-0: Called Strike 0-1: Foul Ball, location: 2F 0-2: Ball 1-2: Ball 2-2: Fly out, F8 (Line Drive, 8RD, EV 105.0 MPH)
|
|
Batting: RHB Keith Bennett
|
0-0: Called Strike 0-1: Ball 1-1: Foul Ball, location: 2F 1-2: Reached on error, E6 (Groundball, 6MD, EV 83.1 MPH)
|
|
Batting: RHB Rick Knoblauch
|
0-0: Ball 1-0: Called Strike 1-1: Ball 2-1: Ball 3-1: Foul Ball, location: 2F 3-2: Foul Ball, location: 2F 3-2: Strikes out looking
|
| Bottom of the 9th over - 0 runs, 0 hits, 1 error, 1 left on base; San Diego (APP) 21 - Miami (APP) 0 |
|